 Dungeon Crawl Stone Soup version 0.19.5 (webtiles) character file.

595 ihor the Cudgeler (level 7, -3/70 HPs)
             Began as a Troll Berserker on Apr 21, 2017.
             Was a Believer of Trog.
             Slain by an orc wizard
             ... wielding a +0 dagger
              (5 damage)
             ... on level 4 of the Dungeon.
             The game lasted 00:20:28 (3214 turns).

ihor the Cudgeler (Troll Berserker)                 Turns: 3214, Time: 00:20:29

Health: -3/70      AC:  5    Str: 28    XL:     7   Next: 16%
Magic:  6/6        EV: 11    Int:  3    God:    Trog [**....]
Gold:   147        SH:  0    Dex:  9    Spells: 0 memorised, 6 levels left

rFire  . . .     SeeInvis .     a - +0 mace
rCold  . . .     Gourm    +     b - +0 animal skin
rNeg   . . .     Faith    .     (no shield)
rPois  .         Spirit   .     (helmet restricted)
rElec  .         Reflect  .     (no cloak)
rCorr  .         Harm     .     (gloves unavailable)
MR     .....                    (boots unavailable)
Stlth  +.........               (no amulet)
                                (no ring)
                                (no ring)

@: exhausted, slowed, very slow
A: unfitting armour, claws 3, fast metabolism 3, gourmand, regeneration 1,
shaggy fur 1, tough skin 2
a: Berserk, Trog's Hand, Burn Spellbooks, Renounce Religion


You were on level 4 of the Dungeon.
You worshipped Trog.
Trog was pleased with you.
You were very full.

You visited 1 branch of the dungeon, and saw 4 of its levels.

You collected 147 gold pieces.

Inventory:

Hand Weapons
 a - a +0 mace (weapon)
 e - a +0 war axe
 g - a +0 mace
 l - a +0 hunting sling
 q - a +0 hand axe
Armour
 b - a +0 animal skin (worn)
 p - a +2 pair of gloves
Scrolls
 f - a scroll of recharging
 n - 3 scrolls of identify {unknown}
 o - a scroll of remove curse {unknown}
 s - 2 scrolls of teleportation {unknown}
 u - a scroll of enchant armour {unknown}
 v - a scroll of enchant weapon {unknown}
Potions
 h - a potion of brilliance {unknown}
 j - a potion of resistance {unknown}
 k - a potion of flight {unknown}
 r - a potion of invisibility {unknown}
 t - a potion of haste {unknown}
 x - a potion of cancellation {unknown}
Books
 w - a book of Maledictions

   Spells                             Type                      Level
   a - Corona                         Hexes                        1
   b - Ensorcelled Hibernation        Hexes/Ice                    2
   c - Confuse                        Hexes                        3
   d - Tukima's Dance                 Hexes                        3
   e - Dazzling Spray                 Conjuration/Hexes            3
   Trog disapproves of the use of such an item.
Comestibles
 c - a bread ration
 d - a beef jerky
 i - a meat ration
 m - 3 chunks of flesh


   Skills:
 * Level 4.1 Fighting
 + Level 5.0 Maces & Flails
 * Level 4.4 Dodging
 + Level 0.2 Stealth


You had 6 spell levels left.
You didn't know any spells.

Dungeon Overview and Level Annotations

Branches:
Dungeon (4/15)             Temple (0/1) D:4

Altars:


Innate Abilities, Weirdness & Mutations

You are too large for most types of armour.
You have claws for hands.
Your metabolism is lightning-fast.
You like to eat raw meat.
Your natural rate of healing is unusually fast.
You are covered in fur. (AC +1)
You have very tough skin. (AC +2)


Message History

The orc hits you.
* * * LOW HITPOINT WARNING * * *
You hear some strange, mumbled words.
A puff of flame appears from out of thin air!
The puff of flame hits you!
* * * LOW HITPOINT WARNING * * *
The orc hits you.
* * * LOW HITPOINT WARNING * * *
You hit something. Trog accepts your kill.
Trog appreciates your killing of a magic user.
You can now call upon Trog for regeneration and protection from hostile enchantments.
Reactivating autopickup.
You feel a bit more experienced. The orc hits you.
* * * LOW HITPOINT WARNING * * *
You hit the orc.
You kill the orc!
Trog accepts your kill. Something hits you.
You die...

####### .......#######
......ooo.o)@#
.......#####)# o......
#.######### ..o....
#.........#
.......#####.#######.#
##...................#
#...................#####
##...................)...#
....#+###...........####.#


You could see 4 orcs.

Vanquished Creatures
  Grinder (D:4)
  2 phantoms
  3 orc wizards
  A worker ant (D:4)
  4 gnolls (D:2)
  2 adders
  An ooze (D:4)
  A worm (D:4)
  A dart slug (D:3)
  7 orcs
  2 ball pythons (D:2)
  5 giant cockroaches
  8 goblins
  6 hobgoblins
  6 quokkas
  9 bats
  2 frilled lizards
  9 kobolds
  5 rats
75 creatures vanquished.

Notes
Turn   | Place    | Note
-------+----------+-------------------------------------------
     0 | D:1      | ihor the Troll Berserker began the quest for the Orb.
     0 | D:1      | Reached XP level 1. HP: 22/22 MP: 0/0
   332 | D:1      | Reached XP level 2. HP: 29/29 MP: 1/1
  1123 | D:2      | Reached skill level 3 in Maces & Flails
  1301 | D:2      | Reached XP level 3. HP: 36/36 MP: 2/2
  1557 | D:2      | Reached ** piety under Trog
  1657 | D:2      | Reached XP level 4. HP: 10/45 MP: 3/3
  2368 | D:3      | Noticed a phantom
  2406 | D:3      | Killed a phantom
  2406 | D:3      | Reached skill level 4 in Maces & Flails
  2406 | D:3      | Reached XP level 5. HP: 44/53 MP: 4/4
  2872 | D:4      | Noticed Grinder
  2885 | D:4      | Paralysed by Grinder for 5 turns
  2913 | D:4      | Killed Grinder
  2913 | D:4      | Reached XP level 6. HP: 36/62 MP: 5/5
  3026 | D:4      | Found a staircase to the Ecumenical Temple.
  3153 | D:4      | Reached skill level 5 in Maces & Flails
  3153 | D:4      | Reached XP level 7. HP: 44/70 MP: 6/6
  3212 | D:4      | HP: 2/70 [orc (3)]
  3214 | D:4      | Slain by an orc wizard

Skill      XL: |  1  2  3  4  5  6 |
---------------+-------------------+-----
Maces & Flails | 3 4 5 |  5.0
Fighting       | 3 4 |  4.1
Dodging        | 3 4 |  4.4
Stealth        | |  0.2

Action                   |  1- 3 |  4- 6 |  7- 9 || total
-------------------------+-------+-------+-------++-------
Melee: Mace              |    98 |   174 |    17 ||   289
Invok: Berserk           |     2 |       |     1 ||     3
       Trog's Hand       |       |     8 |       ||     8
  Use: Scroll            |       |     3 |       ||     3
       Potion            |       |     1 |       ||     1
  Eat: Chunk             |    17 |    12 |     1 ||    30
       Bread ration      |     1 |     2 |       ||     3
Armor: Animal skin       |    48 |    64 |    15 ||   127
Dodge: Dodged            |    74 |   110 |    10 ||   194
